 Dungeon Crawl Stone Soup version 0.31.0-9-g3a7656b989 (webtiles) character file.

Game seed: 5959372116350754361

42 Kass the Ruffian (level 3, -1/27 HPs)
             Began as a Demonspawn Shapeshifter on Jan 30, 2024.
             Succumbed to Sigmund's poison
             ... on level 2 of the Dungeon.
             The game lasted 00:02:03 (1279 turns).

Kass the Ruffian (Demonspawn Shapeshifter)          Turns: 1279, Time: 00:02:03

Health: -1/27      AC:  2    Str: 16    XL:     3   Next: 35%
Magic:  3/3        EV: 12    Int: 10    God:
Gold:   43         SH:  4    Dex: 12    Spells: 2/2 levels left

rFire   . .          .
                       - Unarmed
rCold   . . .        (no shield)
rNeg    . . .        a - +0 animal skin
rPois   .            (helmet currently unavailable)
rElec   .            (cloak currently unavailable)
rCorr   .            (gloves currently unavailable)
SInv    .            (boots currently unavailable)
Will    .....        (no amulet)
Stlth   +            (no ring)
HPRegen 0.24/turn    (no ring)
MPRegen 0.08/turn

%: no passive effects
@: lethally poisoned (-1 -> -10), beast-form
A: beast (slay +1), condensation shield
a: Begin Untransformation


You were on level 2 of the Dungeon.
You were a hulking beast.
You visited 1 branch of the dungeon, and saw 2 of its levels.

You collected 43 gold pieces.

Inventory:

Armour
 a - a +0 animal skin (worn)
Jewellery
 f - a ring of fire
Talismans
 c - a beast talisman
 d - a flux talisman
Scrolls
 h - a scroll of teleportation {unknown}
 i - a scroll of revelation {unknown}
Potions
 b - a potion of lignification
 e - 2 potions of mutation {unknown}
 g - a potion of magic {unknown}


   Skills:
 + Level 1.7 Fighting
 + Level 2.3 Dodging
 + Level 3.1 Unarmed Combat
 + Level 3.0 Shapeshifting


You had 2 spell levels left.
You didn't know any spells.
Your spell library was empty.

Dungeon Overview and Level Annotations

Branches:
Dungeon (2/15)

Altars:
Trog

Annotations:
D:2 Sigmund


Innate Abilities, Weirdness & Mutations

You are a hulking beast.
Your limbs bulge with bestial killing power. (Slay +1)
A meltable shield of frost defends you. (SH +4)


Message History

You now have 43 gold pieces (gained 15).
i - a scroll labelled SUT CYREOLOTT
Found 8 stones.
Sigmund the Dreaded comes into view.
He is wielding a +2 scythe of venom.
Sigmund shouts!
You hear a shout!
Sigmund hits you with a +2 scythe of venom.
You are poisoned.
You closely miss Sigmund.
You feel very sick. Sigmund barely misses you.
You hit Sigmund.
Sigmund is lightly wounded.
You feel sick.
You hit Sigmund. You punch Sigmund.
Sigmund is lightly wounded.
You feel sick. Sigmund barely misses you.
A ball python comes into view.
You hit Sigmund but do no damage.
Sigmund is lightly wounded.
You feel sick.
You hit Sigmund but do no damage.
Sigmund is lightly wounded.
Sigmund completely misses you.
You hit Sigmund.
Sigmund is moderately wounded.
You feel sick.
Sigmund hits you with a +2 scythe of venom!
* * * LOW HITPOINT WARNING * * *
You are lethally poisoned!
You hit Sigmund but do no damage.
Sigmund is moderately wounded.
* * * LOW HITPOINT WARNING * * *
You feel very sick.
You closely miss Sigmund.
Sigmund is moderately wounded.
* * * LOW HITPOINT WARNING * * *
You feel sick. Sigmund closely misses you.
You hit Sigmund.
Sigmund is heavily wounded.
You die...

##.# #... .#. .. #..# ####..
#..# .# ..### #......##.#
.##.######...##.#..
.##..........##.#.#
..................##
#..#.#########.....# .
....).)#######...#.### ...
####.#..........h#...###.....
#.######..#.#.@........... ##
#.# ###.<#..########...... .#
#.###...##.## .....
.###.%...####.# ....
........#####.# ...
####..#.......# ..
############ .


You could see Sigmund.

Vanquished Creatures
  An adder (D:2)
  A dart slug (D:2)
  3 bats (D:1)
  4 endoplasms (D:1)
  2 giant cockroaches (D:1)
  4 hobgoblins
  4 jackals (D:1)
  2 quokkas
  A ball python (D:1)
  4 kobolds
  2 rats
28 creatures vanquished.

Notes
Turn   | Place    | Note
-------+----------+-------------------------------------------
     0 | D:1      | Kass the Demonspawn Shapeshifter began the quest for the
                  | Orb.
     0 | D:1      | Reached XP level 1. HP: 15/15 MP: 1/1
   233 | D:1      | Gained mutation: A meltable shield of frost defends you.
                  | (SH +4) [demonic ancestry]
   233 | D:1      | Reached XP level 2. HP: 15/21 MP: 2/2
  1022 | D:2      | Found a bloodstained altar of Trog.
  1051 | D:2      | Reached XP level 3. HP: 18/27 MP: 3/3
  1259 | D:2      | Noticed Sigmund
  1279 | D:2      | Succumbed to Sigmund's poison

Illustrated notes

Levels and vault maps discovered:
D:1:      dpeg_arrival_windows_large_door, layout_basic,
          minmay_stone_trees_small
D:2:      layout_rooms, basic_altar, uniq_jessica, uniq_sigmund

Skill      XL: |  1  2 |
---------------+-------+-----
Dodging        | 2 |  2.3
Unarmed Combat | 3 |  3.1
Shapeshifting  | 3 |  3.0
Fighting       | |  1.7

Action                     || total
---------------------------++-------
  Melee: Unarmed           ||   115
         Punch             ||     3
 Armour: Animal skin       ||    53
  Dodge: Dodged            ||    66
  Block: Other             ||    10
